 Dungeon Crawl Stone Soup version 0.25-a0-413-g3b4b6a4ccc (webtiles) character file.

Game seed: 1060183357843861866, levelgen mode: deterministic

84 Gargoyl the Skirmisher (level 4, -1/40 HPs)
             Began as a Centaur Abyssal Knight on Jan 17, 2020.
             Was a Follower of Lugonu.
             Killed from afar by a starcursed mass (9 damage)
             ... with an accursed screaming
             ... on level 1 of the Abyss.
             The game lasted 00:00:22 (98 turns).

Gargoyl the Skirmisher (Centaur Abyssal Knight)       Turns: 98, Time: 00:00:23

Health: -1/40      AC:  4    Str: 14    XL:     4   Next: 24%
Magic:  1/5        EV:  9    Int: 11    God:    Lugonu [*.....]
Gold:   20         SH:  0    Dex: 10    Spells: 3/3 levels left

rFire    . . .     SeeInvis .   a - +1 hand axe
rCold    . . .     Gourm    .   (no shield)
rNeg     . . .     Faith    .   b - +0 leather armour
rPois    .         Spirit   .   (no helmet)
rElec    .         Reflect  .   (no cloak)
rCorr    .         Harm     .   (no gloves)
MR       .....                  (no barding)
Stlth    ..........             (no amulet)
HPRegen  0.13/turn              (no ring)
MPRegen  0.09/turn              (no ring)

@: very quick
A: large, hooves 3, deformed body, speed 2, tough skin 3
a: Depart the Abyss, Renounce Religion


You were on level 1 of the Abyss.
You worshipped Lugonu.
Lugonu was aware of your devotion.
You were not hungry.

You visited 0 branches of the dungeon, and saw 0 of its levels.
You visited the Abyss 1 time.

You collected 20 gold pieces.

Inventory:

Hand Weapons
 a - a +1 hand axe (weapon)
Armour
 b - a +0 leather armour (worn)
Comestibles
 c - a ration


   Skills:
 + Level 4.3 Fighting
 + Level 2.3 Axes
 + Level 1.8 Armour
 + Level 0.7 Dodging
 + Level 2.3 Invocations


You had 3 spell levels left.
You didn't know any spells.
Your spell library was empty.

Dungeon Overview and Level Annotations

Branches:
Dungeon (0/15)

Altars:


Innate Abilities, Weirdness & Mutations

You have hooves in place of feet.
Armour fits poorly on your strangely shaped body.
You cover ground very quickly.
You have extremely tough skin. (AC +3)


Message History

The starcursed mass engulfs you!
You don't have enough magic at the moment.
Unknown command.
You hit the starcursed mass but do no damage.
You kick the starcursed mass!
The starcursed mass is lightly damaged.
The starcursed mass shudders and is absorbed by its neighbour.
Unknown command.
You hit the starcursed mass but do no damage.
You kick the starcursed mass.
The starcursed mass is lightly damaged.
The starcursed mass shudders and is absorbed by its neighbour.
The starcursed mass shrieks in your mind.
* * * LOW HITPOINT WARNING * * *
Unknown command.
A starcursed mass splits.
Unknown command.
You aren't carrying any potions.
A chorus of shrieks assaults your mind.
You die...

###..#.. #
.#...#..##. ..
. #.G...## .
... ..#.#. #..
##.###X. ..
....
##.#.X###...##
. #.....∩# # #
.# ....#.#.###
.# ## ## #@..#
#. #.#....# #
#.# .#.#.# ..#
#..# .# #..
#.. ..# .##
### #


You could see 2 starcursed masses.

Vanquished Creatures
  An eye of draining (Abyss:1)
1 creature vanquished.

Notes
Turn   | Place    | Note
-------+----------+-------------------------------------------
     0 | Abyss:1  | Gargoyl the Centaur Abyssal Knight began the quest for the
                  | Orb.
     0 | Abyss:1  | Reached XP level 1. HP: 19/19 MP: 2/2
    66 | Abyss:1  | Noticed a starcursed mass
    70 | Abyss:1  | Noticed an eye of draining
    90 | Abyss:1  | Killed an eye of draining
    90 | Abyss:1  | Reached skill level 4 in Fighting
    90 | Abyss:1  | Reached XP level 2. HP: 18/27 MP: 0/3
    90 | Abyss:1  | Reached XP level 3. HP: 22/33 MP: 0/4
    90 | Abyss:1  | Reached XP level 4. HP: 27/40 MP: 0/5
    98 | Abyss:1  | Killed from afar by a starcursed mass

Levels and vault maps discovered:
Abyss:1:  evilmike_abyss_exit_chaos

Skill      XL: |  1 |
---------------+----+-----
Fighting       | 4 |  4.3
Axes           | 2 |  2.3
Armour         | |  1.8
Dodging        | |  0.7
Invocations    | |  2.3

Action                   |  1- 3 |  4- 6 || total
-------------------------+-------+-------++-------
Melee: Hand axe          |     8 |     5 ||    13
       Kick              |     4 |     3 ||     7
Dodge: Dodged            |       |     1 ||     1

Table legend:
 A = Non-vault XP
 B = Vault XP
 C = Vault XP percentage of total XP
 D = Non-vault monster count
 E = Vault monster count
 F = Vault count percentage of total count
                 A         B        C        D         E       F
            +---------+---------+-------+---------+---------+-------
      Total |     121 |       0 |   0.0 |       1 |       0 |   0.0
            +---------+---------+-------+---------+---------+-------
    Abyss:1 |     121 |       0 |   0.0 |       1 |       0 |   0.0
            +---------+---------+-------+---------+---------+-------
